 Dungeon Crawl Stone Soup version 0.28-a0-384-g9e0c098162 (webtiles) character file.

Game seed: 15125230703344576979

44 jdzakarian the Poker (level 3, -10/29 HPs)
             Began as a Human Berserker on Sept 2, 2021.
             Was a Believer of Trog.
             Mangled by an ogre (14 damage)
             ... on level 3 of the Dungeon.
             The game lasted 00:09:49 (2119 turns).

jdzakarian the Poker (Human Berserker)              Turns: 2119, Time: 00:09:50

Health: -10/29     AC:  5    Str: 17    XL:     3   Next: 85%
Magic:  3/3        EV: 10    Int:  7    God:    Trog [**....]
Gold:   1          SH:  0    Dex: 13    Spells: 2/2 levels left

rFire   . . .      SeeInvis .   a - +0 spear
rCold   . . .      Faith    .   (no shield)
rNeg    . . .      Spirit   .   i - +1 scale mail
rPois   .          Reflect  .   (no helmet)
rElec   .          Harm     .   (no cloak)
rCorr   .          Rampage  .   e - +0 pair of gloves
Will    .....                   (no boots)
Stlth   ..........              (no amulet)
HPRegen 0.09/turn               (no ring)
MPRegen 0.08/turn               (no ring)

@: no status effects
A: deformed body, wild magic 1
a: Renounce Religion, Berserk, Trog's Hand


You were on level 3 of the Dungeon.
You worshipped Trog.
Trog was pleased with you.
You visited 1 branch of the dungeon, and saw 3 of its levels.

You collected 89 gold pieces.
You spent 88 gold pieces at shops.

Inventory:

Hand Weapons
 a - a +0 spear (weapon)
Missiles
 b - 3 atropa-tipped darts
 c - 2 throwing nets
 d - 89 stones (quivered)
Armour
 e - a +0 pair of gloves (worn)
 i - a +1 scale mail (worn)
Potions
 g - a potion of curing


   Skills:
 + Level 3.3 Fighting
 + Level 3.7 Polearms
 + Level 2.1 Armour
 + Level 2.4 Dodging
 + Level 0.7 Stealth


You had 2 spell levels left.
You didn't know any spells.
Your spell library contained the following spells:

 Spells                   Type           Power      Damage    Failure   Level
 Animate Skeleton         Necr           0%         N/A       89%         1
 Apportation              Tloc           0%         N/A       89%         1
 Corona                   Hex            0%         N/A       89%         1
 Summon Small Mammal      Summ           0%         N/A       89%         1
 Borgnjor's Revivificati  Necr           0%         N/A       100%        8
 Necromutation            Tmut/Necr      0%         N/A       100%        8
 Death's Door             Necr           0%         N/A       100%        9


Dungeon Overview and Level Annotations

Branches:
Dungeon (3/15)

Altars:
Ashenzari

Shops:
D:3 *


Innate Abilities, Weirdness & Mutations

Armour fits poorly on your strangely shaped body.
Your spells are a little harder to cast, but a little more powerful.


Message History

Keep equipping yourself?
Uppercase [Y]es or [N]o only, please.
Keep equipping yourself? [Y]es or [N]o only, please.
Keep equipping yourself?
You continue putting on your +0 pair of gloves.
The goblin shouts!
You continue putting on your +0 pair of gloves.
The goblin hits you with a +0 club.
You continue putting on your +0 pair of gloves.
The ogre shouts!
The goblin barely misses you.
You finish putting on your +0 pair of gloves.
The goblin closely misses you.
You miss the goblin. The goblin hits you with a +0 club.
You hit the goblin but do no damage. The goblin barely misses you.
You barely miss the goblin. The goblin hits you but does no damage.
You miss the goblin. The ogre completely misses you.
The goblin hits you but does no damage.
You hit the goblin.
You kill the goblin!
Trog accepts your kill. The ogre closely misses you.
Things that are here:
a +0 club; a scroll labelled IQAUTIEFEYZ The ogre hits you with a +0 giant club.
Things that are here:
a +0 club; a scroll labelled IQAUTIEFEYZ You barely miss the ogre.
The ogre hits you with a +0 giant club!
Ouch! That really hurt!
* * * LOW HITPOINT WARNING * * *
You hit the ogre.
The ogre is lightly wounded.
The ogre closely misses you.
You barely miss the ogre.
The ogre is lightly wounded.
You barely miss the ogre.
The ogre is lightly wounded.
The ogre hits you with a +0 giant club!
You die...

. ...##.# ... #....##
.. ..#..# #.# #.....#
.[. ....###.###.....#
.... #..............#
.....#..............#
#..................#
#).....)....<##
##....O∩....##
####.#@########
#...........
###.#####... #.# #.#
#.# #.# #.# #.


You could see an ogre.

Vanquished Creatures
  A dart slug (D:2)
  An endoplasm (D:1)
  2 giant cockroaches
  8 goblins
  5 hobgoblins
  5 kobolds
  2 quokkas
  4 ball pythons
  2 bats (D:1)
  3 frilled lizards
  3 rats
36 creatures vanquished.

Notes
Turn   | Place    | Note
-------+----------+-------------------------------------------
     0 | D:1      | jdzakarian the Human Berserker began the quest for the Orb.
     0 | D:1      | Reached XP level 1. HP: 18/18 MP: 1/1
   438 | D:1      | Reached XP level 2. HP: 20/24 MP: 2/2
   976 | D:1      | Reached XP level 3. HP: 25/29 MP: 3/3
  1195 | D:1      | Reached ** piety under Trog
  1724 | D:2      | Gained mutation: Your spells are a little harder to cast,
                  | but a little more powerful. [potion of mutation]
  1724 | D:2      | Gained mutation: Armour fits poorly on your strangely
                  | shaped body. [potion of mutation]
  2037 | D:3      | Found Love's General Store.
  2051 | D:3      | Found a broken altar of Ashenzari.
  2102 | D:3      | Bought 3 atropa-tipped darts for 25 gold pieces
  2102 | D:3      | Bought a +0 pair of gloves for 63 gold pieces
  2105 | D:3      | Noticed an ogre
  2119 | D:3      | Mangled by an ogre

Illustrated notes

Levels and vault maps discovered:
D:1:      heliophobic_arrival_dark_side_of_the_moon, layout_rooms
D:2:      layout_loops_ring
D:3:      kennysheep_the_goblin_king, layout_rooms,
          mainiacjoe_overflow_alcove_2, serial_shops, shop, minmay_quantized

Action                   || total
-------------------------++-------
Melee: Spear             ||   126
Throw: Stone             ||     3
  Use: Potion            ||     6
       Scroll            ||     4
 Stab: Sleeping          ||     1
Armor: Animal skin       ||    14
       Scale mail        ||     2
Dodge: Dodged            ||    66

Table legend: (Time is in decaauts)
 A = Elapsed time spent in this place.
 B = Non-inter-level travel time spent in this place.
 C = Inter-level travel time spent in this place.
 D = Time resting spent in this place.
 E = Time spent auto-exploring this place.
 F = Levels seen in this place.
 G = Mean time per level.
                   A        B        C        D        E       F      G
               +--------+--------+--------+--------+--------+-----+--------+
         Total |   2110 |   2110 |      0 |    535 |   1015 |   3 |  703.3 |
       Dungeon |   2110 |   2110 |      0 |    535 |   1015 |   3 |  703.3 |
               +--------+--------+--------+--------+--------+-----+--------+

Top non-repeatable levels by time:
     D:1: 1225 daAuts
     D:2: 803 daAuts
     D:3: 80 daAuts
